 Dungeon Crawl Stone Soup version 0.27-a0-1149-g4505690ab0 (webtiles) character file.

Game seed: 34301973701584827

91903 st0uf the Blocker (level 16, -5/97 HPs)
             Began as a Gargoyle Fighter on May 13, 2021.
             Was the Champion of Okawaru.
             Killed from afar by a salamander tyrant (43 damage)
             ... with a flame surge
             ... on level 2 of the Snake Pit.
             The game lasted 03:20:10 (25130 turns).

st0uf the Blocker (Gargoyle Fighter)               Turns: 25130, Time: 03:20:10

Health: -5/97      AC: 30    Str: 19    XL:     16   Next: 4%
Magic:  29/29      EV: 10    Int: 23    God:    Okawaru [******]
Gold:   2446       SH: 18    Dex: 17    Spells: 29/34 levels left

rFire    . . .     SeeInvis +   L - +1 flail (protect)
rCold    + + .     Faith    .   c - +0 kite shield {rC+}
rNeg     + . .     Spirit   .   w - +0 ring mail of Fortification {Regen+ rCorr Dex+2 SInv}
rPois    ∞         Reflect  +   Z - +2 helmet of Bitterness {Dex+6}
rElec    +         Harm     .   u - +0 cloak {Stlth+}
rCorr    +         Rampage  .   F - +2 pair of gloves
Will     +....                  q - +2 pair of boots
Stlth    ++++......             m - amulet of reflection
HPRegen  1.26/turn              K - ring of protection from cold
MPRegen  0.21/turn              a - +6 ring of intelligence

@: weakened, flying
A: sickness immunity, AC +12, big wings, negative energy resistance 1,
electricity resistance, torment resistance 1, petrification resistance
a: Renounce Religion, Heroism, Finesse


You were on level 2 of the Snake Pit.
You worshipped Okawaru.
Okawaru was exalted by your worship.
You visited 5 branches of the dungeon, and saw 22 of its levels.
You also visited: Bailey and Ice Cave.

You collected 3092 gold pieces.
You spent 646 gold pieces at shops.

Inventory:

Hand Weapons
 L - a +1 flail of protection (weapon)
 Q - the +6 hand axe "Adiofuz" {vorpal, Fly rPois Str-3 Stlth+}
   (You found it on level 10 of the Dungeon)

   It inflicts extra damage upon your enemies.
   It affects your strength (-3).
   It protects you from poison.
   It grants you flight.
   It makes you more stealthy.
Missiles
 f - 545 stones
 l - 62 poisoned darts
 n - 5 atropa-tipped darts
 r - 94 boomerangs (quivered)
 D - 34 javelins
 R - 19 silver javelins
 W - 12 curare-tipped darts
Armour
 b - the +3 hat of Pondering {ponderous, Will+ MP+10 Int+5}
   (You took it off Gastronok on level 2 of the Lair of Beasts)

   It affects your intelligence (+5).
   It affects your magic capacity (+10).
   It increases your willpower.
 c - a +0 kite shield of cold resistance (worn)
 q - a +2 pair of boots (worn)
 u - a +0 cloak of stealth (worn)
 w - the +0 ring mail of Fortification (worn) {Regen+ rCorr Dex+2 SInv}
   (You found it on level 4 of the Dungeon)

   It affects your dexterity (+2).
   It lets you see invisible.
   It increases your rate of health regeneration.
   It protects you from acid and corrosion.
 F - a +2 pair of gloves (worn)
 Z - the +2 helmet of Bitterness (worn) {Dex+6}
   (You found it on level 2 of the Lair of Beasts)

   It affects your dexterity (+6).
Jewellery
 a - a +6 ring of intelligence (right hand)
 e - an amulet of regeneration
 k - a +6 ring of dexterity
 m - an amulet of reflection (around neck)
 K - a ring of protection from cold (left hand)
Wands
 C - a wand of digging (11)
Scrolls
 h - 2 scrolls of fear
 o - 3 scrolls of fog
 t - 11 scrolls of teleportation
 v - 2 scrolls of summoning
 G - 4 scrolls of blinking
 H - 6 scrolls of magic mapping {unknown}
 M - 3 scrolls of enchant armour {unknown}
 P - a scroll of holy word {unknown}
 U - 2 scrolls of acquirement {unknown}
 V - 2 scrolls of silence {unknown}
Potions
 d - 4 potions of might
 g - 5 potions of heal wounds
 i - a potion of cancellation {unknown}
 j - 4 potions of ambrosia
 s - 8 potions of curing
 A - 4 potions of brilliance
 B - 3 potions of invisibility
 J - a potion of berserk rage
 N - 2 potions of lignification
 Y - 2 potions of resistance
Miscellaneous
 X - a phial of floods


   Skills:
 + Level 10.1 Fighting
 + Level 12.3 Maces & Flails
 + Level 8.8 Throwing
 + Level 8.3 Armour
 + Level 6.1 Stealth
 + Level 13.4 Shields
 * Level 9.5 Spellcasting
 - Level 3.0 Transmutations
 * Level 12.4 Earth Magic
 * Level 7.5 Invocations


You had 29 spell levels left.
You knew the following spells:

 Your Spells              Type           Power      Damage    Failure   Level
a - Petrify               Tmut/Erth      46%        N/A       4%          4
b - Apportation           Tloc           20%        N/A       12%         1

Your spell library contained the following spells:

 Spells                   Type           Power      Damage    Failure   Level
 Beastly Appendage        Tmut           48%        N/A       3%          1
 Wereblood                Tmut           24%        N/A       4%          2
 Magic Dart               Conj           40%        1d5       12%         1
 Searing Ray              Conj           20%        3d3       17%         2
 Spider Form              Tmut/Pois      8%         N/A       19%         3
 Ignite Poison            Fire/Tmut/Pois 15%        N/A       22%         3
 Confusing Touch          Hex            10%        N/A       34%         3
 Dazzling Flash           Conj/Hex       20%        N/A       34%         3
 Gell's Gravitas          Tloc           5%         N/A       34%         3
 Lesser Beckoning         Tloc           5%         N/A       34%         3
 Tukima's Dance           Hex            10%        N/A       34%         3
 Ice Form                 Ice/Tmut       17%        N/A       52%         4
 Hydra Form               Tmut           12%        N/A       67%         5
 Fulminant Prism          Conj/Hex       5%         3d7       75%         4
 Iskenderun's Mystic Bla  Conj/Tloc      10%        2d4       75%         4
 Alistair's Intoxication  Tmut/Pois      11%        N/A       86%         5
 Irradiate                Conj/Tmut      8%         3d16      86%         5
 Yara's Violent Unravell  Hex/Tmut       8%         3d5       86%         5
 Metabolic Englaciation   Hex/Ice        5%         N/A       97%         5
 Eringya's Noxious Bog    Tmut/Pois      8%         N/A       100%        6
 Invisibility             Hex            10%        N/A       100%        6
 Sublimation of Blood     Necr           Unusable   N/A       N/A         2

Dungeon Overview and Level Annotations

Branches:
Dungeon (11/15)            Temple (1/1) D:6            Lair (6/6) D:11
 Shoals (0/4) Lair:3        Snake (2/4) Lair:2        Slime (0/5) Lair:6
    Orc (2/2) D:9             Elf (0/3) Orc:2        Bailey (visited)
  IceCv (visited)

Altars:
Ashenzari
Dithmenos
Gozag
Kikubaaqudgha
Makhleb
Nemelex Xobeh
Okawaru
Trog
Uskayaw
Wu Jian
Xom
The Shining One
Beogh
Jiyva

Shops:
D:4 (   D:9 !!(!   Orc:2 (*[:!

Annotations:
Lair:6 exclusion: 3 doors


Innate Abilities, Weirdness & Mutations

You are immune to sickness and miasma.
Your stone body is resilient. (AC +12)
You are immune to poison.
Your large and strong wings let you fly.
You resist negative energy. (rN+)
You are resistant to electric shocks. (rElec)
You are resistant to unholy torment.
You are immune to petrification.


Message History

Throw: 48 darts (poison)
Press: ? - help, Q - select action, (/) - cycle Shift-Dir - straight line, f/p - orc sorcerer
Aim: an orc sorcerer, wielding a +0 dagger and wearing a +2 robe of resistance (lightly wounded, extremely poisoned, 64% to hit)
You throw a poisoned dart.
The poisoned dart hits the orc sorcerer!
The orc sorcerer looks as sick as possible!
The orc sorcerer is lightly wounded.
The orc warrior throws a boomerang.
You reflect the boomerang off an invisible shield around you!
The boomerang misses the orc warrior.
The orc sorcerer casts a spell.
The orc warrior throws a boomerang.
You reflect the boomerang off an invisible shield around you!
The boomerang hits the orc warrior!
You kill the orc warrior!
Okawaru accepts your kill. Something appears at your feet!
Okawaru grants you ammunition!
You see here 6 boomerangs.
Throw: 47 darts (poison)
Press: ? - help, Q - select action, (/) - cycle Shift-Dir - straight line, f/p - orc sorcerer
Aim: an orc sorcerer, wielding a +0 dagger and wearing a +2 robe of resistance (moderately wounded, extremely poisoned, 64% to hit)
Okay, then.
Throw: 94 boomerangs
Press: ? - help, Q - select action, (/) - cycle Shift-Dir - straight line, f/p - salamander tyrant
Aim: a salamander tyrant (77% to hit)
You throw a boomerang.
The boomerang hits the salamander tyrant!
The salamander tyrant is lightly wounded.
The salamander tyrant calls gouts of flame from the lava!
The flame surge hits you!!
There is an open door, spattered with blood here.
You see here a +0 trident.
The salamander tyrant rends the earth beneath you!
The blast of magma engulfs you!!
The salamander tyrant gazes fiercely through you!
You feel your attacks grow feeble.
The salamander tyrant calls gouts of flame from the lava!
The flame surge hits you!!!
You die...

.##...........##..N##.........#
.##...........###N###.....##....
.##............##)###.....# ...
.##................##.....# ≈
.##...............)##.....#
.#####...##..)##.≈.##.....#
.######..##...##...##.....#
.##..##..##...##.≈.########
.##..##..#######@...#######
..'..##..#######..........#
.##..##..##...##..........#
.##..##..##...##..........#
#######..##...##...##.....#
#######...'...##...##.....#
.##..'...##...##...##.....#
.##..###########...##.....#
.##..# ######...##.....#


You could see a salamander tyrant.

Vanquished Creatures
  Gastronok (Lair:2)
  An orc warlord (Orc:2)
  A white draconian (IceCv)
  The ghost of Ywerph the Carver, a journeyman DjDe of Makhleb (Lair:6)
  3 hydras
  3 naga warriors (Snake:1)
  A boulder beetle (Lair:5)
  4 anacondas
  Erica (Lair:1)
  A centaur warrior (D:9)
  4 two-headed ogres
  3 shock serpents
  3 orc high priests (Orc:2)
  2 naga sharpshooters
  Sonja (Lair:3)
  A salamander mystic (Snake:2)
  4 naga ritualists (Snake:1)
  5 orc knights
  Pikel (D:8)
  3 orc sorcerers (Orc:2)
  5 salamanders
  4 mana vipers
  2 cyclopes (D:11)
  4 oklob plants (Lair:3)
  21 black mambas
  12 elephants
  A merfolk siren (Lair:3)
  An ice statue (IceCv)
  4 naga magi (Snake:1)
  14 cane toads
  9 komodo dragons
  Psyche (D:11)
  3 torpor snails
  4 rime drakes
  An unseen horror (D:10)
  4 trolls
  A queen bee (Lair:6)
  3 meliai (Lair:6)
  16 polar bears
  4 hornets
  30 blink frogs
  4 dream sheep (Lair:6)
  A vampire (D:9)
  60 yaks
  3 wraiths
  4 water elementals (D:11)
  3 wyverns
  9 basilisks
  7 wargs
  14 nagas
  14 water moccasins
  A hornet zombie (D:6)
  3 sky beasts
  An ice beast (D:6)
  29 orc warriors
  2 necrophages
  4 centaurs
  10 wolves
  8 ogres
  A phantom (D:3)
  2 gnoll sergeants
  12 bullfrogs
  2 scorpions
  2 wyvern zombies
  A water moccasin zombie (D:6)
  30 killer bees
  3 electric eels
  3 wights (D:9)
  4 howler monkeys
  2 centaur zombies
  A hound (D:4)
  2 jellies
  11 orc priests
  2 bullfrog skeletons
  2 centaur skeletons
  A gnoll shaman (D:9)
  2 iguanas
  14 orc wizards
  A killer bee zombie (D:6)
  A hound zombie (D:5)
  A hound skeleton (D:4)
  12 gnolls
  A howler monkey skeleton (D:7)
  6 adders
  3 white imps (D:6)
  An ufetubus (D:5)
  2 worms
  2 dart slugs
  63 orcs
  7 endoplasms
  6 giant cockroaches
  8 goblins
  11 hobgoblins
  3 jackals (D:2)
  4 quokkas
  8 ball pythons
  4 bats
  4 frilled lizards
  27 kobolds
  4 rats
641 creatures vanquished.

Vanquished Creatures (others)
  Nessos (Lair:5)
  A hydra (Lair:5)
  50 fungi
  44 plants
  5 withered plants (Lair:6)
101 creatures vanquished.

Grand Total: 742 creatures vanquished

Notes
Turn   | Place    | Note
-------+----------+-------------------------------------------
     0 | D:1      | st0uf the Gargoyle Fighter began the quest for the Orb.
     0 | D:1      | Reached XP level 1. HP: 14/14 MP: 1/1
    88 | D:1      | Reached XP level 2. HP: 19/19 MP: 2/2
   378 | D:1      | Reached XP level 3. HP: 23/24 MP: 3/3
   603 | D:1      | Found a faded altar of an unknown god.
  1068 | D:2      | Reached XP level 4. HP: 21/29 MP: 4/4
  1190 | D:2      | Reached skill level 4 in Shields
  2459 | D:3      | Found an opulent altar of Gozag.
  2459 | D:3      | Found a burning altar of Makhleb.
  2603 | D:4      | Reached XP level 5. HP: 22/34 MP: 5/5
  2723 | D:4      | Noticed a phantom
  2750 | D:3      | Killed a phantom
  2751 | D:3      | Reached XP level 6. HP: 31/39 MP: 6/6
  3179 | D:4      | Noticed a necrophage
  3189 | D:4      | Killed a necrophage
  3190 | D:4      | Reached skill level 5 in Shields
  3190 | D:4      | Reached XP level 7. HP: 39/44 MP: 7/7
  3696 | D:4      | Found Lafiyjab's Weapon Shop.
  3855 | D:4      | Reached skill level 5 in Maces & Flails
  4017 | D:4      | Identified the +0 ring mail of Fortification {Regen+ rCorr
                  | Dex+2 SInv}
  4054 | D:5      | Entered Level 5 of the Dungeon
  4070 | D:5      | Reached skill level 1 in Throwing
  4070 | D:5      | Reached skill level 5 in Armour
  4075 | D:5      | Noticed a yak
  4076 | D:5      | Noticed a yak
  4081 | D:5      | Noticed a yak
  4082 | D:5      | Noticed a yak
  4100 | D:4      | Killed a yak
  4101 | D:4      | Reached skill level 5 in Fighting
  4101 | D:4      | Reached XP level 8. HP: 43/49 MP: 8/8
  4135 | D:5      | Noticed a yak
  4149 | D:4      | Killed a yak
  4180 | D:5      | Noticed a yak
  4198 | D:4      | Killed a yak
  4199 | D:4      | Reached skill level 6 in Shields
  4243 | D:4      | Killed a yak
  4360 | D:5      | Learned a level 4 spell: Petrify
  4504 | D:5      | Reached skill level 1 in Earth Magic
  4644 | D:5      | Killed a yak
  4645 | D:5      | Reached skill level 1 in Spellcasting
  4645 | D:5      | Reached XP level 9. HP: 31/55 MP: 8/10
  5099 | D:6      | Reached skill level 7 in Shields
  5114 | D:6      | Found a broken altar of Ashenzari.
  5273 | D:6      | Found a staircase to the Ecumenical Temple.
  5283 | Temple   | Entered the Ecumenical Temple
  5289 | Temple   | Became a worshipper of Warmaster Okawaru
  6723 | D:8      | Reached * piety under Okawaru
  6842 | D:8      | Reached skill level 8 in Shields
  6888 | D:8      | Noticed Pikel
  6907 | D:8      | Killed Pikel
  6907 | D:8      | Reached ** piety under Okawaru
  6908 | D:8      | Reached XP level 10. HP: 61/61 MP: 14/14
  7459 | D:9      | Found Loapur's Distillery.
  7659 | D:9      | Noticed a two-headed ogre
  7684 | D:9      | Killed a two-headed ogre
  7759 | D:9      | Found Norut's Antique Weapon Emporium.
  7774 | D:9      | Found a staircase to the Orcish Mines.
  7848 | D:9      | HP: 3/61 [orc priest/divine providence (14)]
  8055 | D:9      | Reached skill level 5 in Earth Magic
  8108 | D:9      | Reached *** piety under Okawaru
  8259 | D:9      | Found Pefieboll's Distillery.
  8269 | D:9      | Bought a potion of degeneration for 11 gold pieces
  8328 | D:9      | Reached skill level 9 in Shields
  8338 | D:9      | Noticed a centaur warrior
  8359 | D:9      | Killed a centaur warrior
  8360 | D:9      | Reached skill level 1 in Transmutations
  8360 | D:9      | Reached XP level 11. HP: 41/67 MP: 15/17
  8699 | D:9      | Found Pakhueph's Distillery.
  8704 | D:9      | Bought a potion of berserk rage for 65 gold pieces
  8777 | D:9      | Found a sparkling altar of Nemelex Xobeh.
  8812 | D:10     | Entered Level 10 of the Dungeon
  8980 | D:10     | Reached **** piety under Okawaru
  8987 | D:10     | Noticed a two-headed ogre
  9042 | D:10     | Killed a two-headed ogre
  9200 | D:10     | Found a flagged portal.
  9207 | D:10     | Identified the +6 hand axe "Adiofuz" {vorpal, Fly rPois
                  | Str-3 Stlth+}
  9211 | Bailey   | Entered a bailey
  9226 | Bailey   | Noticed an orc knight
  9290 | Bailey   | Noticed an orc knight
  9295 | Bailey   | Identified the +9 hand axe of Uncomfortable Rashes {vamp,
                  | Int+4}
  9324 | Bailey   | Noticed an orc knight
  9447 | Bailey   | Killed an orc knight
  9447 | Bailey   | Reached ***** piety under Okawaru
  9599 | Bailey   | Killed an orc knight
  9712 | Bailey   | Killed an orc knight
  9745 | Bailey   | Reached skill level 5 in Spellcasting
 10054 | D:10     | Noticed a two-headed ogre
 10122 | D:10     | Killed a two-headed ogre
 10435 | D:11     | Found a staircase to the Lair.
 10582 | D:11     | Reached skill level 1 in Stealth
 10587 | D:11     | Noticed a cyclops
 10622 | D:11     | Killed a cyclops
 10622 | D:11     | Received a gift from Okawaru
 10623 | D:11     | Reached XP level 12. HP: 73/73 MP: 18/20
 10986 | D:11     | Reached skill level 5 in Throwing
 11289 | D:11     | Noticed Psyche
 11300 | D:11     | Paralysed by Psyche for 7 turns
 11311 | D:11     | Killed Psyche
 11312 | D:11     | Reached skill level 10 in Shields
 11336 | Lair:1   | Entered Level 1 of the Lair of Beasts
 11904 | Lair:1   | Reached skill level 10 in Maces & Flails
 12075 | Lair:1   | Received a gift from Okawaru
 12156 | Lair:2   | Noticed Erica
 12180 | Lair:1   | Killed Erica
 12180 | Lair:1   | Reached ****** piety under Okawaru
 12630 | Lair:2   | Reached XP level 13. HP: 74/80 MP: 21/23
 12685 | Lair:2   | Found a staircase to the Snake Pit.
 12840 | Lair:2   | Identified the +2 helmet of Bitterness {Dex+6}
 12869 | Lair:2   | Received a gift from Okawaru
 12893 | Lair:2   | Noticed Gastronok
 12978 | Lair:2   | Killed Gastronok
 13059 | Lair:2   | You fall into a shaft and drop 2 floors!
 13211 | Lair:4   | Reached skill level 1 in Invocations
 13528 | Lair:4   | Reached skill level 11 in Shields
 13618 | Lair:4   | Received a gift from Okawaru
 13696 | Lair:3   | Noticed Sonja
 13726 | Lair:3   | Killed Sonja
 14142 | Lair:3   | Reached skill level 10 in Earth Magic
 14268 | Lair:3   | Identified the +2 hat of Wicked Birdsong {Fly rElec rC-
                  | Dex+4 SInv} (Okawaru gifted it to you on level 3 of the
                  | Lair of Beasts)
 14268 | Lair:3   | Received a gift from Okawaru
 14705 | Lair:3   | Found a staircase to the Shoals.
 16063 | Lair:5   | Identified the +1 robe of Wiokh {Dex+4}
 16208 | Lair:5   | Gained mutation: Your large and strong wings let you fly.
                  | [Gargoyle growth]
 16208 | Lair:5   | Reached XP level 14. HP: 69/86 MP: 25/25
 16315 | Lair:5   | Found a frozen archway.
 16323 | IceCv    | Entered an ice cave
 16678 | IceCv    | Noticed a white draconian
 16716 | IceCv    | Killed a white draconian
 16716 | IceCv    | Received a gift from Okawaru
 16820 | IceCv    | Identified the +5 great sword of Integrity {holy, Str+2}
 16821 | IceCv    | Identified the +6 glaive "Loul" {venom, rN+ Int+5}
 16910 | IceCv    | Reached skill level 12 in Shields
 17458 | Lair:5   | Noticed Nessos
 17492 | Lair:5   | Killed Nessos
 17681 | Lair:5   | Reached skill level 5 in Stealth
 17911 | Lair:6   | Entered Level 6 of the Lair of Beasts
 17920 | Lair:6   | Received a gift from Okawaru
 17978 | Lair:5   | Reached skill level 5 in Invocations
 18187 | Lair:5   | Received a gift from Okawaru
 18409 | Lair:6   | Found a staircase to the Slime Pits.
 18409 | Lair:6   | Found a viscous altar of Jiyva.
 18431 | Lair:6   | Found a runed translucent door.
 18431 | Lair:6   | Noticed Ywerph's ghost (journeyman DjDe)
 18479 | Lair:6   | Received a gift from Okawaru
 18598 | Lair:6   | Killed Ywerph's ghost
 18648 | Lair:6   | Noticed a dire elephant
 18648 | Lair:6   | Noticed a dire elephant
 18649 | Lair:6   | Noticed a dire elephant
 18649 | Lair:6   | Noticed a dire elephant
 18928 | Lair:6   | Received a gift from Okawaru
 19133 | Lair:6   | Reached XP level 15. HP: 90/92 MP: 27/27
 19431 | Lair:6   | Received a gift from Okawaru
 20354 | Orc:1    | Entered Level 1 of the Orcish Mines
 20891 | Orc:2    | Entered Level 2 of the Orcish Mines
 21151 | Orc:2    | Found Isohaga's Book Shoppe.
 21151 | Orc:2    | Noticed an orc warlord
 21330 | Orc:2    | Found Ashiy's Antique Weapon Boutique.
 21528 | Orc:2    | Received a gift from Okawaru
 21534 | Orc:2    | Reached skill level 13 in Shields
 21616 | Orc:2    | Killed an orc warlord
 21616 | Orc:2    | Received a gift from Okawaru
 21817 | Orc:2    | Found Puugae's General Store.
 21987 | Orc:2    | Found Kigerig's Antique Armour Shoppe.
 22056 | Orc:2    | Bought a pair of embroidered boots for 285 gold pieces
 22056 | Orc:2    | Bought a runed cloak for 285 gold pieces
 22152 | Orc:2    | Found a staircase to the Elven Halls.
 22356 | Orc:2    | Found Paqimol's Distillery.
 22710 | Snake:1  | Entered Level 1 of the Snake Pit
 22730 | Snake:1  | Learned a level 1 spell: Apportation
 22793 | Snake:1  | Received a gift from Okawaru
 23173 | Snake:1  | Received a gift from Okawaru
 23174 | Snake:1  | Reached skill level 10 in Fighting
 23659 | Snake:1  | Received a gift from Okawaru
 24718 | Snake:2  | Reached XP level 16. HP: 97/97 MP: 22/29
 25130 | Snake:2  | Killed from afar by a salamander tyrant

Illustrated notes

Levels and vault maps discovered:
D:1:      dpeg_arrival_houses_and_road, layout_rooms,
          hellmonk_ecumenical_altar_slurped_away, minmay_worlds_worst_comb
D:2:      layout_loops_ring
D:3:      layout_loops_ring, gammafunk_temple_overflow_wave
D:4:      layout_loops_corners, serial_shops, shop
D:5:      layout_basic
D:6:      layout_basic, marbit_many_paths, minmay_temple_entry_overgrown,
          minmay_circle_x
D:7:      layout_loops_ring, grunt_ministairs_12
D:8:      layout_basic, uniq_pikel
D:9:      minmay_klotski, layout_irregular_city, lemuel_coloured_pillars_altar,
          david_orc_5, serial_shops, kennysheep_little_box, shop, shop,
          shop_statue, nzn_life_drinkers
D:10:     layout_loops_ring, enter_bailey_2, st_stairs_7
D:11:     layout_basic, lair_entry_dummy, nicolae_underground_beach, uniq_psyche
Temple:   eino_narrow_crystal_temple
Lair:1:   layout_concentric_octagons
Lair:2:   layout_chaotic_city, minmay_snake_entry_guardpost_medium,
          grunt_megastairs_2, lemuel_fruit_tree, uniq_gastronok, uniq_erica
Lair:3:   layout_roguey, minmay_shoals_entry_lonely_mermaid,
          lemuel_another_geyser, lemuel_fruit_fields, minmay_lair_oklob_chamber,
          infiniplex_staircase_pool, uniq_sonja
Lair:4:   layout_cave_shapes
Lair:5:   layout_small_grid, portal_ice_cave_rime, grunt_megastairs_1,
          serial_bayou_shore_a, uniq_nessos
Lair:6:   due_jungle_book, layout_gridlike, slime_altar_1,
          hellmonk_ghost_happy_afterlife, serial_rivers,
          chequers_serial_rivers_small_a, chequers_serial_rivers_small_a,
          chequers_serial_rivers_large_b, chequers_serial_rivers_small_a,
          chequers_serial_rivers_micro_a, chequers_serial_rivers_small_3,
          special_room [special_room_bee], nicolae_quartered_pool_medium,
          kennysheep_basilisk_garden, serial_bayou_shore_b, uniq_urug
Snake:1:  layout_misc_corridors
Snake:2:  layout_grid_maze, grunt_ministairs_13, serial_bayou_shore_b,
          serial_bayou_shore_b
Orc:1:    layout_caves, uniq_harold
Orc:2:    grunt_orc_gardens, layout_diamond_mine, grunt_orc_garden,
          grunt_orc_garden, grunt_orc_garden, grunt_orc_garden, serial_shops,
          shop_coins

Skill      XL: |  1  2  3  4  5  6  7  8  9 10 11 12 13 14 15 |
---------------+----------------------------------------------+-----
Fighting       | 4 5 6 7 8 9 10 | 10.1
Shields        | 4 5 6 8 9 10 11 12 13 | 13.4
Maces & Flails | 3 4 5 6 8 9 10 11 12 | 12.3
Armour         | 4 5 6 7 8 |  8.3
Throwing       | 1 2 4 6 7 8 |  8.8
Earth Magic    | 1 4 5 7 9 10 11 12 | 12.4
Spellcasting   | 1 3 4 5 6 7 8 9 |  9.5
Transmutations | 1 3 |  3.0
Stealth        | 1 2 6 |  6.1
Invocations    | 3 5 7 |  7.5

Action                   |  1- 3 |  4- 6 |  7- 9 | 10-12 | 13-15 | 16-18 || total
-------------------------+-------+-------+-------+-------+-------+-------++-------
Melee: Flail             |   105 |   205 |   503 |   522 |  2514 |    47 ||  3896
       Hand axe          |       |       |       |   545 |    31 |       ||   576
Throw: Dart              |       |     4 |    32 |   112 |   173 |       ||   321
       Boomerang         |       |     2 |     3 |   225 |   410 |    17 ||   657
       Stone             |       |       |     4 |       |       |       ||     4
Invok: Heroism           |       |       |       |     1 |     4 |       ||     5
Evoke: Wand              |       |       |       |       |     1 |       ||     1
  Use: Scroll            |       |       |       |       |    21 |       ||    21
       Potion            |       |       |       |       |     3 |       ||     3
 Stab: Distracted        |       |       |       |     1 |       |       ||     1
       Petrified         |       |       |       |       |   202 |       ||   202
       Petrifying        |       |       |       |       |    13 |       ||    13
       Sleeping          |       |       |       |       |     6 |       ||     6
Armor: Scale mail        |    63 |   127 |    22 |       |       |       ||   212
       Ring mail         |       |       |   207 |   453 |  1221 |    11 ||  1892
Dodge: Dodged            |    32 |    53 |   178 |   320 |   691 |     6 ||  1280
Block: Kite shield       |    56 |   125 |   285 |   703 |  2603 |    41 ||  3813
       Reflection        |       |       |       |     1 |    65 |       ||    66

Table legend: (Time is in decaauts)
 A = Elapsed time spent in this place.
 B = Non-inter-level travel time spent in this place.
 C = Inter-level travel time spent in this place.
 D = Time resting spent in this place.
 E = Time spent auto-exploring this place.
 F = Levels seen in this place.
 G = Mean time per level.
                   A        B        C        D        E       F      G
               +--------+--------+--------+--------+--------+-----+--------+
         Total |  25319 |  24146 |   1173 |    722 |  12106 |  24 | 1055.0 |
       Dungeon |  11240 |  10702 |    538 |    529 |   6282 |  11 | 1021.8 |
        Temple |     12 |     12 |      0 |      0 |      0 |   1 |   12.0 |
          Lair |   7818 |   7354 |    464 |    102 |   3204 |   6 | 1303.0 |
     Snake Pit |   2333 |   2291 |     42 |     38 |   1329 |   2 | 1166.5 |
  Orcish Mines |   2109 |   1980 |    129 |     34 |    863 |   2 | 1054.5 |
        Bailey |    744 |    744 |      0 |     16 |     92 |   1 |  744.0 |
      Ice Cave |   1060 |   1060 |      0 |      0 |    336 |   1 | 1060.0 |
               +--------+--------+--------+--------+--------+-----+--------+

Top non-repeatable levels by time:
     D:4: 1575 daAuts
  Lair:6: 1493 daAuts
  Lair:5: 1417 daAuts
     D:9: 1391 daAuts
  Lair:3: 1333 daAuts
   Orc:2: 1283 daAuts
  Lair:4: 1268 daAuts
  Lair:2: 1200 daAuts
 Snake:1: 1185 daAuts
 Snake:2: 1148 daAuts
  Lair:1: 1105 daAuts
   IceCv: 1060 daAuts
    D:10: 1014 daAuts
    D:11: 1009 daAuts
     D:3: 1001 daAuts
